 Dungeon Crawl Stone Soup version 0.21.1-1-g345015fe64 (webtiles) character file.

122 NoHelp the Stinger (level 4, -1/34 HPs)
             Began as a Draconian Venom Mage on June 2, 2018.
             Was an Initiate of Qazlal.
             Slain by a quokka (2 damage)
             ... on level 3 of the Dungeon.
             The game lasted 00:26:24 (2945 turns).

NoHelp the Stinger (Draconian Venom Mage)           Turns: 2945, Time: 00:26:25

Health: -1/34      AC:  5    Str: 16    XL:     4   Next: 78%
Magic:  1/8        EV: 12    Int: 16    God:    Qazlal [......]
Gold:   151        SH:  0    Dex: 11    Spells: 2/8 levels left

rFire    . . .     SeeInvis .   c - +0 spear
rCold    . . .     Gourm    .   (no shield)
rNeg     . . .     Faith    .   (armour unavailable)
rPois    .         Spirit   .   (helmet restricted)
rElec    .         Reflect  .   (no cloak)
rCorr    .         Harm     .   (no gloves)
MR       .....                  (no boots)
Stlth    ++........             (no amulet)
HPRegen  0.11/turn              (no ring)
MPRegen  0.11/turn              (no ring)

@: mighty, very slightly contaminated
A: unfitting armour, cold-blooded, AC +5
a: Renounce Religion


You were on level 3 of the Dungeon.
You worshipped Qazlal.
Qazlal was noncommittal.
You were not hungry.

You visited 1 branch of the dungeon, and saw 3 of its levels.

You collected 151 gold pieces.

Inventory:

Hand Weapons
 b - a +2 hunting sling of freezing
 c - a +0 spear (weapon)
 d - a +1 hunting sling of velocity
 e - a +1 antimagic hand axe
 h - a +0 mace
 i - a +0 short sword
Scrolls
 g - a scroll of identify {unknown}
 l - a scroll of remove curse
Books
 a - a Young Poisoner's Handbook

   Spells                             Type                      Level
   a - Sting                          Conjuration/Poison           1
   b - Poisonous Vapours              Poison/Air                   2
   c - Mephitic Cloud                 Conjuration/Poison/Air       3
   d - Olgreb's Toxic Radiance        Poison                       4
   e - Venom Bolt                     Conjuration/Poison           5


   Skills:
 + Level 0.3 Fighting
 + Level 2.0 Polearms
 + Level 2.1 Dodging
 - Level 1.7 Stealth
 * Level 2.9 Spellcasting
 + Level 1.2 Conjurations
 + Level 1.1 Air Magic
 + Level 3.7 Poison Magic


You had 2 spell levels left.
You knew the following spells:

 Your Spells              Type           Power        Failure   Level  Hunger
a - Sting                 Conj/Pois      ##..         7%          1    #......
b - Poisonous Vapours     Pois/Air       ##....       11%         2    ##.....
c - Mephitic Cloud        Conj/Pois/Air  #.......     24%         3    ###....


Dungeon Overview and Level Annotations

Branches:
Dungeon (3/15)

Altars:
Qazlal

Annotations:
D:3 Tali's ghost, amateur MiFi


Innate Abilities, Weirdness & Mutations

Your plain brown scales are hard. (AC +5)
You cannot fit into any form of body armour.
You are cold-blooded and may be slowed by cold attacks.


Message History

The rat bites you but does no damage.
You puncture the rat!
You kill the rat!
Qazlal accepts your kill.
You closely miss the quokka.
The quokka is severely wounded.
The quokka bites you.
* * * LOW HITPOINT WARNING * * *
You barely miss the quokka.
The quokka is severely wounded.
The quokka closely misses you. The quokka barely misses you.
Casting: Poisonous Vapours
Confirm with . or Enter, or press ? or * to list all spells.
Aiming: Poisonous Vapours
Press: ? - help, Dir - move target cursor, f - quokka
Aim: a quokka (severely wounded)
You miscast Poisonous Vapours.
You are very lightly contaminated with residual magic.
You feel a strange surge of energy! The quokka bites you.
You die...

#.# #.# #.# # #.#.#
#.#.# . ########
#.#'###.. #....(.#
#........
#......########........
#.......)@r....†.......
#.......#######........
#.....>... .........
#(........# ##........
#(......#.# #........
#.......... #>##.##.#
#..........$ #.. .. .#
#####........ #.. .##
....


You could see a quokka.

Vanquished Creatures
  Ijyb (D:3)
  2 adders
  An ooze (D:3)
  2 worms (D:2)
  A dart slug (D:1)
  5 bats
  5 giant cockroaches
  7 goblins
  11 hobgoblins
  11 kobolds
  3 quokkas (D:2)
  3 ball pythons
  3 frilled lizards (D:2)
  11 rats
66 creatures vanquished.

Notes
Turn   | Place    | Note
-------+----------+-------------------------------------------
     0 | D:1      | NoHelp the Draconian Venom Mage began the quest for the Orb.
     0 | D:1      | Reached XP level 1. HP: 14/14 MP: 3/3
   263 | D:1      | Reached XP level 2. HP: 6/20 MP: 0/5
   513 | D:1      | Learned a level 2 spell: Poisonous Vapours
  1235 | D:2      | Reached XP level 3. HP: 26/26 MP: 0/6
  1331 | D:2      | Learned a level 3 spell: Mephitic Cloud
  1774 | D:2      | Reached skill level 1 in Polearms
  1820 | D:2      | Found a stormy altar of Qazlal.
  1833 | D:2      | Became a worshipper of Qazlal Stormbringer
  2228 | D:2      | Reached XP level 4. HP: 33/33 MP: 2/7
  2592 | D:3      | Noticed Tali's ghost (amateur MiFi)
  2875 | D:3      | Noticed Ijyb
  2940 | D:3      | Killed Ijyb
  2940 | D:3      | Reached skill level 1 in Air Magic
  2943 | D:3      | HP: 1/34 [quokka (2)]
  2945 | D:3      | Slain by a quokka

Skill      XL: |  1  2  3  4 |
---------------+-------------+-----
Polearms       | 1 2 |  2.0
Dodging        | 2 |  2.1
Air Magic      | 1 |  1.1
Fighting       | |  0.3
Stealth        | |  1.7
Spellcasting   | |  2.9
Conjurations   | |  1.2
Poison Magic   | |  3.7

Action                   |  1- 3 |  4- 6 || total
-------------------------+-------+-------++-------
Melee: Spear             |   121 |    65 ||   186
       Tailslap          |    11 |     8 ||    19
 Cast: Sting             |    25 |     4 ||    29
       Poisonous Vapours |    19 |     6 ||    25
       Mephitic Cloud    |     2 |     2 ||     4
  Use: Scroll            |     3 |     3 ||     6
       Potion            |       |     3 ||     3
 Stab: Sleeping          |     1 |     1 ||     2
  Eat: Ration            |     1 |     1 ||     2
       Chunk             |     2 |     2 ||     4
Armor: Skin              |    27 |    18 ||    45
Dodge: Dodged            |    67 |    52 ||   119
